 Dungeon Crawl Stone Soup version 0.20.0-15-g7f486f2 (webtiles) character file.

712 vishdafish the Chopper (level 7, -8/62 HPs)
             Began as a Deep Dwarf Fighter on June 18, 2017.
             Was a Follower of Makhleb.
             Mangled by an ogre
             ... wielding a +0 giant spiked club
              (19 damage)
             ... on level 5 of the Dungeon.
             The game lasted 00:17:04 (2911 turns).

vishdafish the Chopper (Deep Dwarf Fighter)         Turns: 2911, Time: 00:17:05

Health: -8/62      AC:  7    Str: 19    XL:     7   Next: 41%
Magic:  7/7        EV:  9    Int: 11    God:    Makhleb [*.....]
Gold:   221        SH: 10    Dex: 14    Spells: 6/6 levels left

rFire    + + .     SeeInvis .   a - +0 war axe
rCold    x . .     Gourm    .   c - +0 shield
rNeg     . . .     Faith    .   b - +0 scale mail
rPois    +         Spirit   .   (no helmet)
rElec    .         Reflect  .   u - +2 cloak {rPois}
rCorr    +         Harm     .   (no gloves)
MR       +....                  (no boots)
Stlth    +.........             (no amulet)
Regen    0.0/turn               k - ring of fire
MPRegen  0.1/turn               q - ring of resist corrosion

@: non-regenerating
A: damage resistance, heal wounds, clever 1, deformed body, fire resistance 1,
sense surroundings 1, no regeneration
a: Heal Wounds, Renounce Religion


You were on level 5 of the Dungeon.
You worshipped Makhleb.
Makhleb was aware of your devotion.
You were not hungry.

You visited 1 branch of the dungeon, and saw 5 of its levels.

You collected 221 gold pieces.

Inventory:

Hand Weapons
 a - a +0 war axe (weapon)
 e - a +2 quarterstaff of chaos
Missiles
 g - 6 javelins (quivered)
Armour
 b - a +0 scale mail (worn)
 c - a +0 shield (worn)
 l - a +0 large shield
 u - a +2 cloak of poison resistance (worn)
Jewellery
 f - a +2 ring of strength {unknown}
 k - a ring of fire (left hand)
 q - a ring of resist corrosion (right hand)
Wands
 x - a wand of flame (26/48)
Scrolls
 h - a scroll of blinking {unknown}
 o - a scroll of fog {unknown}
 v - a scroll of remove curse
 w - a scroll of magic mapping {unknown}
 y - 2 scrolls of teleportation
 B - a scroll of amnesia {unknown}
 C - a scroll of enchant weapon {unknown}
 D - a scroll of random uselessness {unknown}
Potions
 d - 2 potions of might
 i - a potion of brilliance {unknown}
 j - a potion of berserk rage {unknown}
 m - a potion of flight {unknown}
 p - a potion of degeneration {unknown}
 r - a potion of magic {unknown}
 z - a potion of lignification {unknown}
 A - a potion of mutation
Comestibles
 s - a royal jelly
 t - a bread ration
 E - 2 meat rations


   Skills:
 + Level 3.6 Fighting
 + Level 5.2 Axes
 + Level 4.8 Armour
 + Level 2.5 Dodging
 * Level 4.5 Stealth
 + Level 4.7 Shields


You had 6 spell levels left.
You didn't know any spells.

Dungeon Overview and Level Annotations

Branches:
Dungeon (5/15)             Temple (0/1) D:5

Altars:
Makhleb
Okawaru
Qazlal


Innate Abilities, Weirdness & Mutations

You are resistant to damage.
You can heal yourself by infusing magical energy.
You passively map a small area around you.
You do not regenerate.
Your mind is acute. (Int +2)
Armour fits poorly on your strangely shaped body.
Your flesh is heat resistant. (rF+)


Message History

The sky beast shocks you.
* * * LOW HITPOINT WARNING * * *
You hit the sky beast but do no damage.
The sky beast is heavily wounded.
The sky beast barely misses you.
The sky beast hits you but does no damage.
You closely miss the sky beast.
The sky beast is heavily wounded.
The sky beast hits you but does no damage.
You slash the sky beast!
The sky beast is almost dead.
The sky beast closely misses you.
You slash the sky beast!
You kill the sky beast!
Makhleb accepts your kill.
You see here a quarterstaff.
It was a potion of mutation.
You feel extremely strange.
Your body twists and deforms.
You feel resistant to heat.
You feel clever.
The ogre hits you with a giant spiked club!!
You die...

#.#** , #.#** #.# * ,
######### #.# #,
*........# #.# ...*
(.......# #.#.#.##
........# #.#.#..#
........#######.#.#..# ,
.....$.....)..O@....>#
.#############....#..###.#
,,, #..###......# , ,
#......# * #.######### ,
#.........# ###.#####.#
#.......# #.#######


You could see an ogre.

Vanquished Creatures
  A sky beast (D:5)
  A bullfrog (D:4)
  A howler monkey (D:4)
  2 hounds (D:4)
  Crazy Yiuf (D:3)
  A jelly (D:4)
  6 orc wizards
  4 worker ants (D:4)
  4 gnolls (D:4)
  3 adders (D:2)
  An adder zombie (D:5)
  2 worms
  2 dart slugs
  3 leopard geckos
  10 orcs (D:4)
  5 bats
  4 giant cockroaches
  9 goblins
  5 hobgoblins
  4 quokkas
  4 frilled lizards
  3 kobolds (D:1)
  A rat (D:3)
  A bush (D:3)
  2 fungi (D:3)
80 creatures vanquished.

Notes
Turn   | Place    | Note
-------+----------+-------------------------------------------
     0 | D:1      | vishdafish the Deep Dwarf Fighter began the quest for the Orb.
     0 | D:1      | Reached XP level 1. HP: 20/20 MP: 1/1
   222 | D:1      | Reached XP level 2. HP: 22/27 MP: 2/2
   750 | D:2      | Reached XP level 3. HP: 23/33 MP: 3/3
  1021 | D:2      | Reached skill level 1 in Stealth
  1055 | D:3      | Found an iron altar of Okawaru.
  1175 | D:3      | Found a stormy altar of Qazlal.
  1184 | D:3      | Reached skill level 3 in Axes
  1221 | D:3      | Reached XP level 4. HP: 7/42 MP: 4/4
  1692 | D:3      | Found a runed door.
  1696 | D:3      | Noticed Crazy Yiuf
  1703 | D:3      | Killed Crazy Yiuf
  1987 | D:4      | Reached skill level 1 in Dodging
  1987 | D:4      | Reached XP level 5. HP: 22/49 MP: 5/5
  2250 | D:4      | Found a burning altar of Makhleb.
  2255 | D:4      | Became a worshipper of Makhleb the Destroyer
  2275 | D:4      | Reached skill level 4 in Axes
  2534 | D:4      | Reached XP level 6. HP: 24/56 MP: 6/6
  2653 | D:4      | Reached XP level 7. HP: 53/62 MP: 7/7
  2741 | D:5      | Entered Level 5 of the Dungeon
  2755 | D:4      | Reached * piety under Makhleb
  2855 | D:5      | Reached skill level 5 in Axes
  2911 | D:5      | Gained mutation: Armour fits poorly on your strangely shaped body. [potion of mutation]
  2911 | D:5      | Gained mutation: Your flesh is heat resistant. (rF+) [potion of mutation]
  2911 | D:5      | Gained mutation: Your mind is acute. (Int +2) [potion of mutation]
  2911 | D:5      | Mangled by an ogre

Skill      XL: |  1  2  3  4  5  6  7 |
---------------+----------------------+-----
Fighting       | 3 |  3.6
Stealth        | 1 2 4 |  4.5
Axes           | 3 4 5 |  5.2
Dodging        | 1 2 |  2.5
Shields        | 4 |  4.7
Armour         | 4 |  4.8

Action                   |  1- 3 |  4- 6 |  7- 9 || total
-------------------------+-------+-------+-------++-------
Melee: War axe           |   133 |   212 |    62 ||   407
  Use: Scroll            |     1 |     3 |       ||     4
       Potion            |       |     6 |     1 ||     7
  Eat: Bread ration      |     1 |     1 |       ||     2
Armor: Scale mail        |    69 |    89 |    44 ||   202
Dodge: Dodged            |    50 |    72 |    14 ||   136
Block: Shield            |    79 |   115 |    15 ||   209
